 Dungeon Crawl Stone Soup version 0.32-a0-818-gb728d0252e (webtiles) character file.

Game seed: 4482355900273454762

143119 cforsyth the Severer (level 16, -3/121 (157) HPs)
             Began as a Mountain Dwarf Cinder Acolyte on Mar 23, 2024.
             Was a High Priest of Ignis.
             Slain by a pharaoh ant (10 damage)
             ... on level 2 of the Spider Nest.
             The game lasted 01:40:08 (44101 turns).

cforsyth the Severer (MDCA)                        Turns: 44101, Time: 01:40:09

HP:   -3/121 (157)  AC: 26    Str: 23    XL:     16   Next: 82%
MP:   34/34         EV:  9    Int: 23    God:    Ignis [*****.]
Gold: 2965          SH:  0    Dex:  5    Spells: 18/28 levels left

rFire   + . .        I - +3 broad axe (freeze)
rCold   . . .        b - +1 buckler {reflect}
rNeg    . . .        L - +5 scale mail of Polish {+Blink MP+9 Int+4}
rPois   +            J - +2 helmet
rElec   .            P - +2 cloak
rCorr   +            F - +0 pair of gloves
SInv    .            t - +0 pair of boots
Will    +....        D - amulet of regeneration Stlth
                     R - ring of resist corrosion
HPRegen 1.20/turn    X - ring of Veli Teo {Fly rPois Str-2 Int+4}
MPRegen 0.24/turn

%: reflection
@: confused, ambrosia-drunk, flying, heavily drained
A: runic magic, artefact enchanting
a: Renounce Religion, Evoke Blink, Fiery Armour, Foxfire Swarm, Rising Flame


You were on level 2 of the Spider Nest.
You worshipped Ignis.
Ignis was extremely pleased with you.
You visited 4 branches of the dungeon, and saw 24 of its levels.
You also visited: Gauntlet, Ice Cave and Volcano.

You collected 3155 gold pieces.
You spent 190 gold pieces at shops.


Innate Abilities, Weirdness & Mutations

Your spellcasting is much less encumbered by armour.
You can use scrolls of enchantment on lesser artefacts.


   Skills:
 + Level 17.7 Fighting
 - Level 18.2 Axes
 + Level 17.2 Armour
 - Level 5.0 Shields
 - Level 6.5 Spellcasting
 + Level 15.3 Fire Magic


You had 18 spell levels left.
You knew the following spells:

 Your Spells              Type           Power      Damage    Failure   Level
y - Sticky Flame          Fire/Alch      42%        2d8       4%          4
X - Scorch                Fire           100%       2d9       1%          2
Y - Summon Blazeheart Go  Fire/Summ      42%        N/A       4%          4

Your spell library contained the following spells:

 Spells                   Type           Power      Damage    Failure   Level
 Inner Flame              Hex/Fire       42%        N/A       1%          3
 Ignite Poison            Fire/Alch      42%        N/A       4%          4
 Sandblast                Erth           14%        2d6       12%         1
 Shock                    Conj/Air       28%        1d4       12%         1
 Cigotuvi's Dreadful Rot  Necr/Alch/Air  14%        N/A       17%         2
 Ensorcelled Hibernation  Hex/Ice        14%        N/A       17%         2
 Frozen Ramparts          Ice            14%        1d3       34%         3
 Gell's Gravitas          Tloc           7%         N/A       34%         3
 Passwall                 Erth           7%         N/A       34%         3
 Stone Arrow              Conj/Erth      14%        3d7       34%         3
 Summon Ice Beast         Ice/Summ       7%         N/A       34%         3
 Swiftness                Air            7%         N/A       34%         3
 Teleport Other           Tloc           7%         N/A       34%         3
 Plasma Beam              Fire/Air       21%        2x1d33    58%         6
 Airstrike                Air            3%         2d(1-17)  75%         4
 Brom's Barrelling Bould  Conj/Erth      7%         2d3       75%         4
 Vhi's Electric Charge    Tloc/Air       14%        N/A       75%         4
 Ignition                 Fire           33%        3d10      80%         8
 Arcjolt                  Conj/Air       3%         1d13      97%         5
 Freezing Cloud           Conj/Ice/Air   3%         6-21      97%         5
 Irradiate                Conj/Alch      3%         3d12      97%         5
 Dispersal                Tloc           3%         N/A       100%        6
 Orb of Destruction       Conj           3%         9d5       100%        7
 Ozocubu's Refrigeration  Ice            3%         4d8       100%        7
 Spellforged Servitor     Conj/Summ      3%         N/A       100%        7
 Polar Vortex             Ice            3%         N/A       100%        9

Inventory:

Hand Weapons
 a - a -1 hand axe of flaming
 I - a +3 broad axe of freezing (weapon)
Armour
 b - a +1 buckler of reflection (worn)
 o - a +2 chain mail of fire resistance
 t - a +0 pair of boots (worn)
 F - a +0 pair of gloves (worn)
 J - a +2 helmet (worn)
 L - the +5 scale mail of Polish (worn) {+Blink MP+9 Int+4}
   (You found it on level 4 of the Lair of Beasts)

   Int+4:     It affects your intelligence (+4).
   MP+9:      It affects your magic capacity (+9).
   +Blink:    It lets you blink.
 O - a +1 chain mail of cold resistance
 P - a +2 cloak (worn)
 T - a +0 leather armour of resistance
Magical Staves
 K - a staff of death {!a}
 V - a staff of air {!a}
Jewellery
 w - an amulet of the acrobat
 C - a ring of ice
 D - an amulet of regeneration (around neck)
 M - a ring of magical power
 N - a ring of positive energy
 R - a ring of resist corrosion (left hand)
 X - the ring of Veli Teo (right hand) {Fly rPois Str-2 Int+4}
   (You found it in a Gauntlet)

   [ring of poison resistance]

   Str-2:     It affects your strength (-2).
   Int+4:     It affects your intelligence (+4).
   rPois:     It protects you from poison.
   Fly:       It grants you flight.
Wands
 j - a wand of polymorph (33)
 v - a wand of paralysis (14)
 y - a wand of warping (14)
 z - a wand of mindburst (10)
 H - a wand of flame (33)
Scrolls
 c - 2 scrolls of immolation
 e - 5 scrolls of fog
 h - 4 scrolls of vulnerability
 i - 2 scrolls of blinking
 m - 7 scrolls of noise
 p - a scroll of teleportation {@r2}
 x - 3 scrolls of amnesia
 U - a scroll of enchant armour
 W - a scroll of brand weapon {unknown}
 Y - a scroll of revelation
Potions
 d - 5 potions of brilliance
 f - 7 potions of attraction
 g - 2 potions of magic
 l - a potion of berserk rage {!q}
 q - 4 potions of resistance
 r - 2 potions of might
 s - 3 potions of enlightenment
 u - 3 potions of cancellation
 A - 4 potions of mutation
 B - 4 potions of lignification
 E - 15 potions of ambrosia
Miscellaneous
 n - a phantom mirror (inert)
 G - a box of beasts
 Z - a lightning rod (4/4)

Dungeon Overview and Level Annotations

Branches:
Dungeon (15/15)            Temple (0/1) D:5            Lair (5/5) D:10
  Swamp (0/4) Lair:2       Spider (2/4) Lair:3        Slime (0/5) Lair:5
    Orc (2/2) D:11            Elf (0/3) Orc:2        Vaults (0/5) D:14
 Depths (0/4) D:15          IceCv (visited)         Volcano (visited)
Gauntlet (visited)

Altars:
Ashenzari
Elyvilon
Fedhas
Qazlal
Uskayaw
Vehumet
Xom
Beogh
Jiyva
Lugonu

Shops:
D:6 *   D:8 (   D:12 *([   Orc:2 *([=

Portals:
Abyss: Lair:5

Annotations:
Spider:2 Arachne

##.## ##.. #.......^....# ##.##
#..# ##...........# ##^## #..#
##........^.# ##.###..##
##........## ##........###
###.†....# #.^.........##
##.....#
##............#####^....##
#....^..........#...###..#####
#..............@..######.....#
#.............Bs.###.........##
##...............###..........##
##.^...........###............#
##†...........###<.........^.#
#............##............^#
#............##............##
#..........>.##...........###
##...........##..............


You could see a pharaoh ant and a tarantella.


Message History

Okay, then.
Unknown command.
You are too confused!
Unknown command.
You feel much better. The pharaoh ant bites you.
* * * LOW HITPOINT WARNING * * *
You feel drained.
* * * LOW HITPOINT WARNING * * *
The tarantella misses you.
The pharaoh ant bites you but does no damage.
The tarantella touches you but does no damage.
Unknown command.
You are more confused.
You feel invigorated.
The tarantella touches you but does no damage.
The pharaoh ant bites you but does no damage.
Unknown command.
Unknown command.
Unknown command.
Unknown command.
Unknown command.
Unknown command.
The tarantella touches you.
* * * LOW HITPOINT WARNING * * *
The tarantella touches you but does no damage.
The pharaoh ant bites you!!
* * * LOW HITPOINT WARNING * * *
You feel drained.
You die...
Ignis goes out, and joins you in death.

Skill      XL: |  1  2  3  4  5  6  7  8  9 10 11 12 13 14 15 16 |
---------------+-------------------------------------------------+-----
Armour         | 1 2 3 4 5 6 7 9 11 12 14 16 17 | 17.2
Axes           | 4 5 6 7 8 9 11 12 14 16 17 18 | 18.2
Fire Magic     | 4 5 6 7 8 9 11 12 14 15 | 15.3
Fighting       | 4 5 6 7 8 10 11 13 14 16 17 | 17.7
Spellcasting   | 2 3 4 5 6 |  6.5
Shields        | 1 3 5 |  5.0

Action                     |  1- 3 |  4- 6 |  7- 9 | 10-12 | 13-15 | 16-18 || total
---------------------------+-------+-------+-------+-------+-------+-------++-------
  Melee: Hand axe          |   100 |    64 |    49 |   168 |    24 |       ||   405
         Battleaxe         |       |       |       |   111 |       |       ||   111
         Broad axe         |       |       |       |    73 |   946 |   471 ||  1490
   Cast: Scorch            |     9 |    53 |   188 |   452 |   736 |   101 ||  1539
  Evoke: Wand              |       |     2 |     1 |     5 |    20 |     2 ||    30
         Phantom mirror    |       |       |       |       |     1 |     1 ||     2
         Box of beasts     |       |       |       |       |     1 |       ||     1
         Lightning rod     |       |       |       |       |       |     1 ||     1
    Use: Scroll            |       |       |       |    19 |    16 |     5 ||    40
         Potion            |       |       |       |     1 |    16 |    11 ||    28
   Stab: Paralysed         |       |     5 |       |       |     1 |       ||     6
         Invisible         |       |       |     1 |     2 |     2 |     1 ||     6
         Petrified         |       |       |       |       |     3 |       ||     3
 Armour: Robe              |    64 |    78 |       |       |       |       ||   142
         Scale mail        |       |       |    39 |       |   990 |  1083 ||  2112
         Chain mail        |       |       |   142 |   766 |   911 |       ||  1819
  Dodge: Dodged            |    49 |    69 |    86 |   338 |   655 |   368 ||  1565
  Block: Buckler           |       |       |    24 |    97 |   360 |   159 ||   640
         Reflection        |       |       |       |       |       |     1 ||     1

Levels and vault maps discovered:
D:1:      dpeg_arrival_central, layout_loops_corners,
          ebering_ecumenical_altar_petrified, minivault_19
D:2:      layout_rooms, minmay_heptomino_w4, uniq_natasha
D:3:      minmay_roachtagon, layout_basic, uniq_grinder
D:4:      black_bear_nest_2, layout_rooms
D:5:      layout_loops_cross, nicolae_overflow_hidden_temple,
          minmay_temple_entry_antechambers, corexii_item_surrounded_by_moat
D:6:      layout_basic, guppyfry_shop_venom
D:7:      layout_cave_pools, uniq_prince_ribbit1
D:8:      layout_loops_ring, serial_shops, shop, serial_park_tiny_1,
          uniq_maurice, uniq_joseph
D:9:      layout_small_grid, grunt_temple_overflow_open
D:10:     layout_cross, dpeg_oklobed_lair
D:11:     layout_basic, orc_0_dummy, wad_floor_pattern_2, uniq_erica
D:12:     layout_gridville, portal_ice_cave_entry_pillars_2, serial_shops, shop,
          nicolae_shop_advertising_works [nicolae_subvault_shop_adworks],
          nicolae_shop_window_shopping, uniq_lodul
D:13:     layout_roguey
D:14:     layout_irregular_city, erik_vaults_2, minivault_24,
          hangedman_decor_push, uniq_louise
D:15:     hangedman_depths_entry_civil_slaughter, layout_basic,
          gauntlet_entry_generic, minmay_misc_feat_enclosed, uniq_kirke
Lair:1:   layout_gridlike
Lair:2:   regret_index_tunnel_blossom, layout_misc_corridors,
          mainiacjoe_swamp_entry_angry_trees
Lair:3:   layout_gridlike, spider_nest_entry_funnel_web, lemuel_oklob_altar,
          serial_bayou_shore_b, grunt_megastairs_3
Lair:4:   layout_regular_city, chequers_serial_rivers_room_a,
          chequers_serial_rivers_small_3, grunt_forest_large_clearings,
          grunt_megastairs_1
Lair:5:   hellmonk_lair_end_abyssal_woods, layout_regular_city,
          minmay_slime_entry_pillars
Spider:1: layout_spider_delve, special_room [special_room_bee]
Spider:2: layout_cave_pods, uniq_arachne
Orc:1:    layout_caves, basic_altar
Orc:2:    grunt_orc_gardens, layout_caves, grunt_orc_garden, grunt_orc_garden,
          grunt_orc_garden, grunt_orc_garden, enter_volcano_1, basic_altar,
          nicolae_orc_damp_corner, uniq_donald

Notes
Turn   | Place    | Note
-------+----------+-------------------------------------------
     0 | D:1      | cforsyth the Mountain Dwarf Cinder Acolyte began the quest
                  | for the Orb.
     0 | D:1      | Reached XP level 1. HP: 19/19 MP: 2/2
   305 | D:1      | Reached XP level 2. HP: 16/26 MP: 3/3
   652 | D:1      | Found a faded altar of an unknown god.
  1155 | D:2      | Reached skill level 1 in Armour
  1208 | D:2      | Reached skill level 4 in Axes
  1264 | D:2      | Reached XP level 3. HP: 26/31 MP: 5/5
  1479 | D:2      | Reached skill level 4 in Fire Magic
  1482 | D:2      | Learned a level 2 spell: Scorch
  1570 | D:2      | Noticed Natasha
  1584 | D:2      | Killed Natasha
  1813 | D:2      | Reached XP level 4. HP: 29/40 MP: 1/6
  2135 | D:3      | Noticed Grinder
  2753 | D:3      | Reached skill level 4 in Fighting
  3157 | D:4      | Reached skill level 2 in Armour
  3218 | D:4      | Noticed a black bear
  3222 | D:4      | Reached skill level 2 in Spellcasting
  3222 | D:4      | Reached XP level 5. HP: 46/46 MP: 2/8
  3246 | D:3      | Killed a black bear
  3339 | D:4      | Reached XP level 6. HP: 53/53 MP: 4/9
  3587 | D:4      | Reached skill level 5 in Axes
  3587 | D:4      | Reached skill level 5 in Fire Magic
  3787 | D:4      | Reached skill level 3 in Armour
  4256 | D:4      | Reached XP level 7. HP: 52/60 MP: 0/11
  4461 | D:3      | Killed Grinder
  4462 | D:3      | Reached skill level 5 in Fighting
  4462 | D:3      | Reached skill level 3 in Spellcasting
  4568 | D:5      | Entered Level 5 of the Dungeon
  4964 | D:4      | Reached skill level 1 in Shields
  5076 | D:5      | Reached skill level 4 in Armour
  5159 | D:5      | Found a staircase to the Ecumenical Temple.
  5198 | D:5      | Reached skill level 6 in Axes
  5610 | D:5      | Reached skill level 6 in Fire Magic
  5738 | D:5      | Found a broken altar of Ashenzari.
  5797 | D:5      | Found a radiant altar of Vehumet.
  5799 | D:5      | Found a shimmering altar of Xom.
  5895 | D:6      | Reached XP level 8. HP: 55/69 MP: 5/13
  5964 | D:6      | Noticed a two-headed ogre
  5972 | D:6      | Killed a two-headed ogre
  5973 | D:6      | Reached skill level 6 in Fighting
  5973 | D:6      | Reached skill level 2 in Shields
  6112 | D:6      | Reached skill level 3 in Shields
  6119 | D:6      | Reached skill level 5 in Armour
  6298 | D:6      | Reached skill level 4 in Spellcasting
  6429 | D:6      | Reached skill level 7 in Axes
  6748 | D:6      | Reached skill level 7 in Fire Magic
  6748 | D:6      | Reached XP level 9. HP: 40/78 MP: 1/15
  7036 | D:6      | Found Qimmoep's Serpentskin Sales.
  7309 | D:7      | Noticed Prince Ribbit
  7336 | D:7      | Killed Prince Ribbit
  7483 | D:7      | Reached skill level 4 in Shields
  8172 | D:8      | Noticed Maurice
  8174 | D:8      | Maurice stole 300 gold
  8200 | D:7      | Killed Maurice
  8201 | D:7      | Reached skill level 7 in Fighting
  8201 | D:7      | Reached skill level 6 in Armour
  8581 | D:8      | Reached skill level 8 in Axes
  9001 | D:7      | Reached skill level 5 in Shields
  9001 | D:7      | Reached skill level 8 in Fire Magic
  9510 | D:7      | Reached skill level 5 in Spellcasting
  9623 | D:7      | Reached XP level 10. HP: 75/86 MP: 3/17
 10184 | D:8      | Noticed Joseph
 10206 | D:8      | Killed Joseph
 10207 | D:8      | Reached skill level 7 in Armour
 10315 | D:8      | Found Jiociodor's Weapon Boutique.
 10560 | D:9      | Noticed a two-headed ogre
 10598 | D:9      | Killed a two-headed ogre
 10599 | D:9      | Reached skill level 8 in Fighting
 11028 | D:8      | Reached skill level 9 in Axes
 11380 | D:9      | Found a stormy altar of Qazlal.
 11386 | D:9      | Found a blossoming altar of Fedhas.
 11388 | D:9      | Found a white marble altar of Elyvilon.
 11388 | D:9      | Found a hide-covered altar of Uskayaw.
 11547 | D:9      | Noticed a two-headed ogre
 11586 | D:9      | Killed a two-headed ogre
 11587 | D:9      | Reached skill level 9 in Fire Magic
 12025 | D:10     | Entered Level 10 of the Dungeon
 12025 | D:10     | Noticed a two-headed ogre
 12032 | D:10     | Killed a two-headed ogre
 12033 | D:10     | Reached skill level 6 in Spellcasting
 12370 | D:9      | Reached XP level 11. HP: 46/95 MP: 4/20
 12371 | D:9      | Reached skill level 8 in Armour
 13382 | D:10     | Reached skill level 9 in Fighting
 13696 | D:10     | Found a staircase to the Lair.
 13797 | D:11     | Noticed Erica
 13920 | D:11     | Killed Erica
 13921 | D:11     | Reached skill level 10 in Axes
 14048 | D:11     | Reached skill level 10 in Fire Magic
 14145 | D:11     | Noticed a boulder beetle
 14195 | D:11     | Killed a boulder beetle
 14458 | D:11     | Found a staircase to the Orcish Mines.
 14606 | D:11     | Noticed a brown ugly thing
 14613 | D:11     | Killed a brown ugly thing
 15139 | D:10     | Reached skill level 9 in Armour
 15582 | D:11     | Found a staircase to the Orcish Mines.
 16142 | D:12     | Found a frozen archway.
 16187 | IceCv    | Entered an ice cave
 16294 | IceCv    | Reached skill level 10 in Fighting
 16316 | IceCv    | HP: 8/99 [polar bear (19)]
 16453 | IceCv    | Reached skill level 11 in Axes
 16549 | IceCv    | Noticed a white ugly thing
 16566 | IceCv    | Killed a white ugly thing
 16643 | IceCv    | Reached skill level 11 in Fire Magic
 16703 | IceCv    | Reached XP level 12. HP: 104/106 MP: 2/21
 16945 | IceCv    | Noticed a death yak
 16945 | IceCv    | Noticed an ironbound frostheart
 17167 | IceCv    | Noticed an ironbound frostheart
 17173 | IceCv    | Killed an ironbound frostheart
 17473 | IceCv    | Noticed a death yak
 17474 | IceCv    | Got the Almanac of the Icicle
 17647 | IceCv    | Reached skill level 10 in Armour
 18184 | IceCv    | Noticed a death yak
 18210 | IceCv    | Killed a death yak
 18407 | IceCv    | Killed a death yak
 18408 | IceCv    | Reached skill level 11 in Fighting
 18440 | IceCv    | Reached skill level 12 in Axes
 18785 | IceCv    | Killed an ironbound frostheart
 18786 | IceCv    | Reached skill level 12 in Fire Magic
 18919 | IceCv    | Noticed a death yak
 18950 | IceCv    | Killed a death yak
 18963 | IceCv    | Killed a death yak
 19352 | IceCv    | Identified a +0 leather armour of resistance
 19853 | D:12     | Found Firamor's Assorted Antiques.
 19866 | D:12     | Bought a scroll of identify for 38 gold pieces
 19866 | D:12     | Bought 3 scrolls of identify for 114 gold pieces
 19866 | D:12     | Bought a scroll of identify for 38 gold pieces
 19899 | D:12     | Found Qosawem's Weapon Boutique.
 19995 | D:12     | Found Adys's Armour Boutique.
 20113 | D:12     | Noticed Lodul
 20312 | Lair:1   | Entered Level 1 of the Lair of Beasts
 20778 | Lair:1   | Reached skill level 11 in Armour
 20923 | Lair:1   | Noticed a boulder beetle
 21002 | Lair:1   | Killed a boulder beetle
 21271 | D:10     | Reached XP level 13. HP: 116/117 MP: 3/22
 21677 | Lair:1   | Identified the +4 dagger "Semittiz" {freeze, +Blink rPois
                  | Dex-2}
 21831 | Lair:1   | Reached skill level 12 in Fighting
 21839 | Lair:1   | Reached skill level 13 in Axes
 21851 | Lair:1   | Reached skill level 13 in Fire Magic
 22232 | Lair:1   | Identified the +2 falchion of the Wasteland {freeze, Int+4
                  | Dex+3}
 23603 | Lair:2   | Reached skill level 12 in Armour
 25064 | Lair:2   | Identified 3 potions of resistance
 25268 | Lair:2   | Found a staircase to the Swamp.
 25303 | Lair:2   | Reached skill level 14 in Axes
 25348 | Lair:2   | Reached skill level 13 in Fighting
 25528 | Lair:2   | Reached skill level 14 in Fire Magic
 26010 | Lair:3   | Found a hide-covered altar of Uskayaw.
 26139 | Lair:3   | Found a hole to the Spider Nest.
 26906 | Lair:3   | Reached XP level 14. HP: 125/129 MP: 23/23
 27238 | Lair:4   | Reached skill level 13 in Armour
 27430 | Lair:4   | Identified the +5 scale mail of Polish {+Blink MP+9 Int+4}
 28199 | Lair:5   | Entered Level 5 of the Lair of Beasts
 28628 | Lair:5   | Reached skill level 15 in Axes
 28833 | Lair:5   | Found a staircase to the Slime Pits.
 28834 | Lair:5   | Found a viscous altar of Jiyva.
 28909 | Lair:5   | Reached skill level 14 in Fighting
 30488 | Lair:5   | Reached skill level 14 in Armour
 30523 | Lair:5   | Found a corrupted altar of Lugonu.
 30523 | Lair:5   | Found a one-way gate to the infinite horrors of the Abyss.
 30895 | D:12     | Found Qosawem's Weapon Boutique.
 30947 | D:12     | Killed Lodul
 31160 | D:12     | Found Adys's Armour Boutique.
 31187 | D:12     | Found Firamor's Assorted Antiques.
 31265 | Orc:1    | Entered Level 1 of the Orcish Mines
 31901 | Orc:1    | Found a roughly hewn altar of Beogh.
 32354 | Orc:2    | Entered Level 2 of the Orcish Mines
 32360 | Orc:2    | Found Syirr's General Store.
 32360 | Orc:2    | Noticed an orc warlord
 32367 | Orc:2    | Found Ocreohowuo's Antique Armour Shop.
 32377 | Orc:2    | Identified the +0 kite shield of Eve Ceff {^Contam rC- rN+
                  | Str+7}
 32377 | Orc:2    | Noticed Donald
 32415 | Orc:2    | Found a roughly hewn altar of Beogh.
 32419 | Orc:2    | Found a dark tunnel.
 32424 | Volcano  | Entered a volcano
 32620 | Volcano  | Found a radiant altar of Vehumet.
 32624 | Volcano  | Reached skill level 16 in Axes
 32636 | Volcano  | HP: 13/133 [two-headed ogre/+0 giant club of flaming (1)]
 32642 | Volcano  | Reached XP level 15. HP: 18/139 MP: 24/24
 32658 | Volcano  | Reached skill level 15 in Fighting
 33112 | Orc:2    | Killed Donald
 33135 | Orc:2    | HP: 12/141 [orc warrior/+0 dire flail[an orc knight] (19)]
 33148 | Orc:2    | HP: 14/141 [orc warrior/+0 battleaxe[an orc high priest]
                  | (9)]
 33157 | Orc:2    | HP: 12/141 [troll (3)]
 33162 | Orc:2    | HP: 14/141 [orc warrior/+0 trident[an orc high priest] (4)]
 33722 | Orc:2    | Found Vibru's Antique Weapon Shoppe.
 33724 | Orc:2    | HP: 13/133 [barbs]
 34265 | Orc:2    | Reached skill level 15 in Armour
 34385 | Orc:2    | Found a staircase to the Elven Halls.
 34471 | Orc:2    | Found Qiocrico's Jewellery Shoppe.
 36305 | D:14     | Upgraded the game from 0.32-a0-814-g0968bab981 to
                  | 0.32-a0-818-gb728d0252e
 36934 | D:14     | Noticed Louise
 36962 | D:14     | Killed Louise
 36963 | D:14     | Reached skill level 17 in Axes
 37149 | D:14     | Found a gate to the Vaults.
 37331 | D:14     | Reached skill level 16 in Fighting
 38062 | D:15     | Entered Level 15 of the Dungeon
 38367 | D:15     | Found a gate leading to a gauntlet.
 38417 | D:15     | Reached skill level 16 in Armour
 38420 | D:15     | Reached XP level 16. HP: 150/152 MP: 25/25
 38451 | Gauntlet | Entered a Gauntlet
 38451 | Gauntlet | Found a transporter.
 38451 | Gauntlet | Found a transporter.
 38467 | Gauntlet | Found a transporter.
 38482 | Gauntlet | Found a transporter.
 38482 | Gauntlet | Found a transporter.
 38482 | Gauntlet | Found a transporter.
 38484 | Gauntlet | Found a transporter.
 38484 | Gauntlet | Found a transporter.
 38497 | Gauntlet | Found a transporter.
 38513 | Gauntlet | Found a transporter.
 38522 | Gauntlet | Found a transporter.
 38526 | Gauntlet | Found a runed translucent door.
 38540 | Gauntlet | Found a transporter.
 38557 | Gauntlet | Found a transporter.
 38573 | Gauntlet | Found a transporter.
 38836 | Gauntlet | Identified the +7 rapier "Beastbane" {flame, rF++ rC-
                  | Str+7}
 38955 | Gauntlet | Identified the +2 demon blade "Zaocyz Xia" {pain, Str+8}
 38956 | Gauntlet | Identified the ring of Veli Teo {Fly rPois Str-2 Int+4}
 38997 | Gauntlet | Identified the +3 glaive of Royalism {spect, rF+ rC++}
 39066 | D:15     | Found a staircase to the Depths.
 39247 | D:15     | Reached skill level 18 in Axes
 39413 | D:15     | Noticed Kirke
 39442 | D:15     | Killed Kirke
 39865 | D:15     | Learned a level 4 spell: Sticky Flame
 39870 | D:15     | Learned a level 4 spell: Summon Blazeheart Golem
 40535 | Spider:1 | Entered Level 1 of the Spider Nest
 40590 | Lair:3   | Reached skill level 17 in Fighting
 41968 | Lair:3   | Reached skill level 17 in Armour
 42281 | Spider:1 | Reached skill level 15 in Fire Magic
 42821 | Spider:2 | Noticed Arachne
 42838 | Spider:2 | HP: 4/135 [Arachne/poison arrow (15)]
 42849 | Spider:2 | HP: 7/135 [tarantella (11)]
 44098 | Spider:2 | HP: 9/130 [pharaoh ant (21)]
 44101 | Spider:2 | Slain by a pharaoh ant

Vanquished Creatures
  Kirke (D:15)
  Donald (Orc:2)
  Louise (D:14)
  2 emperor scorpions
  An orc warlord (Orc:2)
  A stone giant (D:15)
  A red draconian (Volcano)
  A minotaur (Gauntlet)
  An ettin (D:11)
  2 entropy weavers
  8 vault guards
  4 hydras
  A jorogumo (Spider:1)
  2 ironbound frosthearts (IceCv)
  A radroach (Lair:3)
  2 catoblepae
  2 ogre magi
  Erica (D:11)
  3 boulder beetles
  15 two-headed ogres
  2 tengu warriors
  7 death yaks
  6 orc high priests
  4 demonic crawlers
  3 thrashing horrors (Lair:5)
  Lodul (D:12)
  A skyshark (Lair:4)
  4 pharaoh ants
  A deep troll (D:15)
  2 spriggan druids (Lair:2)
  A sun moth (shapeshifter) (Lair:5)
  2 orb spiders (Spider:1)
  3 skeletal warriors (D:15)
  A sun moth (Lair:3)
  2 large abominations (Lair:5)
  An obsidian bat (D:11)
  4 orc knights
  4 steelbarb worms
  2 necromancers (D:15)
  2 oklob plants
  20 ugly things
  Maurice (D:7)
  A deep elf pyromancer (D:15)
  2 orc sorcerers (Orc:1)
  10 wolf spiders
  6 cyclopes
  A manticore (D:15)
  3 meliai (Lair:3)
  13 elephants
  4 kobold blastminers
  5 black mambas
  An ice statue (IceCv)
  A cane toad (shapeshifter) (D:13)
  Joseph (D:8)
  4 smoke demons (Lair:5)
  12 cane toads
  A molten gargoyle (Volcano)
  3 rime drakes
  5 kobold demonologists
  A freezing wraith (D:15)
  A yaktaur (D:15)
  3 tengu conjurers
  6 komodo dragons
  7 trolls
  2 queen bees
  11 polar bears
  11 tarantellas
  4 raiju (Lair:5)
  2 hornets
  Prince Ribbit (D:7)
  Grinder (D:3)
  20 blink frogs
  7 jumping spiders
  19 slime creatures
  2 spriggans
  4 wyverns
  2 vampires (D:12)
  A spriggan (shapeshifter) (D:14)
  4 shadows
  5 culicivoras
  3 hogs (D:15)
  70 yaks
  4 steam dragons
  2 wraiths
  8 basilisks
  4 fire bats (Volcano)
  3 wargs
  15 redbacks
  9 small abominations (Lair:5)
  3 acid dragons
  13 water moccasins
  An ice beast (D:8)
  6 black bears
  25 orc warriors
  2 laughing skulls (D:14)
  15 ogres
  33 wolves
  A crocodile (shapeshifter) (Lair:5)
  3 centaurs
  A phantom (D:7)
  5 kobold brigands
  A gnoll sergeant (D:8)
  A scorpion (D:6)
  8 bullfrogs
  3 wights (D:8)
  52 killer bees
  2 howler monkeys
  5 lava snakes (Volcano)
  8 orc priests
  4 jellies
  3 hounds
  A gnoll bouda (D:6)
  2 sleepcaps
  11 hell rats
  Natasha (D:2)
  2 iguanas (D:4)
  14 orc wizards
  5 adders
  11 gnolls
  4 ribbon worms
  3 dart slugs (D:2)
  54 orcs
  8 endoplasms
  13 giant cockroaches
  8 goblins
  2 hobgoblins (D:2)
  4 ball pythons
  4 bats
  5 frilled lizards
  20 kobolds
  6 rats
  A spectral weapon (Gauntlet)
804 creatures vanquished.

Vanquished Creatures (collateral kills)
  A troll (Orc:2)
  A redback (Spider:2)
  3 orc warriors (Orc:2)
  An orc priest (Orc:2)
6 creatures vanquished.

Vanquished Creatures (others)
  A polar bear (IceCv)
  4 humans (D:15)
  An orc (Orc:1)
6 creatures vanquished.

Grand Total: 816 creatures vanquished

Table legend: (Time is in decaauts)
 A = Elapsed time spent in this place.
 B = Non-inter-level travel time spent in this place.
 C = Inter-level travel time spent in this place.
 D = Time resting spent in this place.
 E = Time spent auto-exploring this place.
 F = Levels seen in this place.
 G = Mean time per level.
                   A        B        C        D        E       F      G
               +--------+--------+--------+--------+--------+-----+--------+
         Total |  43990 |  42470 |   1520 |  11025 |  22039 |  27 | 1629.3 |
       Dungeon |  24177 |  23222 |    955 |   5677 |  13221 |  15 | 1611.8 |
          Lair |  11127 |  10646 |    481 |   2780 |   5399 |   5 | 2225.4 |
   Spider Nest |   1784 |   1755 |     29 |    508 |    708 |   2 |  892.0 |
  Orcish Mines |   2301 |   2247 |     54 |    614 |   1062 |   2 | 1150.5 |
      Ice Cave |   3342 |   3342 |      0 |    993 |   1456 |   1 | 3342.0 |
       Volcano |    666 |    666 |      0 |    307 |     76 |   1 |  666.0 |
      Gauntlet |    591 |    591 |      0 |    144 |    117 |   1 |  591.0 |
               +--------+--------+--------+--------+--------+-----+--------+

Top non-repeatable levels by time:
   IceCv: 3342 daAuts
    D:11: 3013 daAuts
  Lair:3: 2733 daAuts
  Lair:1: 2558 daAuts
     D:9: 2391 daAuts
  Lair:5: 2391 daAuts
  Lair:2: 2085 daAuts
     D:8: 1946 daAuts
    D:10: 1766 daAuts
    D:13: 1742 daAuts
     D:7: 1658 daAuts
    D:15: 1657 daAuts
     D:3: 1558 daAuts
     D:4: 1491 daAuts
    D:14: 1368 daAuts

Table legend:
 A = Non-vault XP
 B = Vault XP
 C = Vault XP percentage of total XP
 D = Non-vault monster count
 E = Vault monster count
 F = Vault count percentage of total count
                 A         B        C        D         E       F
            +---------+---------+-------+---------+---------+-------
      Total |  123460 |   80997 |  39.6 |     526 |     284 |  35.1
            +---------+---------+-------+---------+---------+-------
        D:1 |      23 |       0 |   0.0 |      15 |       0 |   0.0
        D:2 |      34 |      43 |  55.8 |      15 |       6 |  28.6
        D:3 |     204 |     286 |  58.4 |      15 |      13 |  46.4
        D:4 |     504 |     131 |  20.6 |      25 |       1 |   3.8
        D:5 |     147 |       0 |   0.0 |       6 |       0 |   0.0
        D:6 |    1550 |      16 |   1.0 |      20 |       3 |  13.0
        D:7 |    1492 |     815 |  35.3 |      18 |       2 |  10.0
        D:8 |    1512 |     430 |  22.1 |      23 |       1 |   4.2
        D:9 |    4745 |       0 |   0.0 |      26 |       0 |   0.0
       D:10 |    5650 |       0 |   0.0 |      25 |       0 |   0.0
       D:11 |    8486 |    1174 |  12.2 |      41 |       4 |   8.9
       D:12 |     876 |    1122 |  56.2 |       4 |       4 |  50.0
       D:13 |    5689 |    4338 |  43.3 |      22 |       5 |  18.5
       D:14 |    3015 |    3821 |  55.9 |      10 |       4 |  28.6
       D:15 |   20737 |    5796 |  21.8 |      39 |       9 |  18.8
     Lair:1 |   11650 |    1068 |   8.4 |      45 |      14 |  23.7
     Lair:2 |    4387 |    6753 |  60.6 |      13 |      38 |  74.5
     Lair:3 |   20448 |    3822 |  15.7 |      45 |      18 |  28.6
     Lair:4 |    9693 |    1674 |  14.7 |      25 |       9 |  26.5
     Lair:5 |    2949 |   12542 |  81.0 |      16 |      42 |  72.4
   Spider:1 |    7134 |     439 |   5.8 |      15 |       7 |  31.8
   Spider:2 |    6188 |       0 |   0.0 |      15 |       0 |   0.0
      Orc:1 |    2056 |    2229 |  52.0 |      19 |       4 |  17.4
      Orc:2 |    4291 |    8425 |  66.3 |      29 |      20 |  40.8
      IceCv |       0 |   14196 | 100.0 |       0 |      54 | 100.0
    Volcano |       0 |    7430 | 100.0 |       0 |      17 | 100.0
   Gauntlet |       0 |    4447 | 100.0 |       0 |       9 | 100.0
            +---------+---------+-------+---------+---------+-------
